[Event "ICC Open 2015"]
[Site "Internet Chess Club"]
[Date "2015.05.29"]
[Round "11"]
[White "Pancake"]
[Black "jaybird"]
[Result "1-0"]
[ICCResult "Black resigns"]
[WhiteElo "1752"]
[BlackElo "1509"]
[Opening "Dutch defense"]
[ECO "A90"]
[NIC "HD.03"]
[Time "16:03:17"]
[TimeControl "180+0"]

1. d4 f5 2. g3 Nf6 3. Bg2 e6 4. c4 c6 5. Nh3 Be7 6. O-O O-O 7. Nc3 d5 8. b3
a6 9. Bb2 Ne4 10. Nf4 Nd7 11. Nxe6 Qe8 12. Nc7 Qh5 13. Nxa8 Ndf6 14. e3 Qh6
15. Nb6 Be6 16. cxd5 cxd5 17. Ne2 Ng4 18. h3 Nxe3 19. fxe3 Qxe3+ 20. Kh2 f4
21. Rf3 fxg3+ 22. Nxg3 Rxf3 23. Qxf3 Qh6 24. Nxe4 dxe4 25. Qxe4 Bd6+ 26. Kg1
Bxh3 27. Qe8+ Bf8 28. Rf1 {Black resigns} 1-0

[Event "ICC Open 2015"]
[Site "Internet Chess Club"]
[Date "2015.05.29"]
[Round "11"]
[White "EirikG"]
[Black "The7thGuest"]
[Result "1-0"]
[ICCResult "Black checkmated"]
[WhiteElo "2553"]
[BlackElo "2031"]
[Opening "French: Winawer, fingerslip variation"]
[ECO "C15"]
[NIC "FR.08"]
[Time "16:03:57"]
[TimeControl "180+0"]

1. e4 e6 2. d4 d5 3. Nc3 Bb4 4. Bd2 Bxc3 5. Bxc3 dxe4 6. Qg4 Nf6 7. Qxg7 Rg8
8. Qh6 Rg6 9. Qh4 Nbd7 10. O-O-O Qe7 11. Ne2 Rg4 12. Qh3 c6 13. f3 exf3 14.
gxf3 Rg6 15. Nf4 Rg8 16. Bd3 b5 17. Rhe1 Bb7 18. Nxe6 fxe6 19. Rxe6 Qxe6 20.
Qxe6+ Kd8 21. d5 Re8 22. Bxf6+ Nxf6 23. Qxf6+ Kc7 24. d6+ Kb6 25. Qd4+ Ka6
26. a4 Red8 27. b4 Rac8 28. Kb2 Rxd6 29. axb5+ cxb5 30. Ra1# {Black
checkmated} 1-0

[Event "ICC Open 2015"]
[Site "Internet Chess Club"]
[Date "2015.05.29"]
[Round "11"]
[White "cap78red"]
[Black "gungunhana2"]
[Result "1-0"]
[ICCResult "Black checkmated"]
[WhiteElo "1344"]
[BlackElo "1350"]
[Opening "English opening"]
[ECO "A10"]
[NIC "EO.64"]
[Time "16:03:44"]
[TimeControl "180+0"]

1. c4 d5 2. cxd5 Qxd5 3. Nc3 Qd8 4. d4 e6 5. e3 Bb4 6. Nf3 Bxc3+ 7. bxc3 Bd7
8. Bd3 Ne7 9. O-O Kf8 10. e4 Bc6 11. Ne5 f6 12. f4 Kg8 13. Nxc6 Nbxc6 14.
Qg4 Kf7 15. e5 f5 16. Qh5+ g6 17. Qh3 h6 18. g4 g5 19. Qh5+ Ng6 20. gxf5
exf5 21. Bxf5 Ne7 22. e6+ Kg7 23. Bxg6 Nxg6 24. f5 Nf4 25. Bxf4 gxf4 26.
Qf7# {Black checkmated} 1-0

[Event "ICC Open 2015"]
[Site "Internet Chess Club"]
[Date "2015.05.29"]
[Round "11"]
[White "Schurick"]
[Black "hAutAjArvi"]
[Result "1-0"]
[ICCResult "Black resigns"]
[WhiteElo "2292"]
[BlackElo "2053"]
[Opening "Réti opening"]
[ECO "E67"]
[NIC "KI.79"]
[Time "16:04:04"]
[TimeControl "180+0"]

1. Nf3 Nf6 2. g3 d6 3. Bg2 g6 4. O-O Bg7 5. d4 O-O 6. c4 Nbd7 7. Nc3 c5 8.
d5 a6 9. a4 b6 10. Re1 Ng4 11. Qc2 Nge5 12. Nd2 Bb7 13. h3 f5 14. f4 Nf7 15.
e4 Nh6 16. Nf3 fxe4 17. Qxe4 Nf5 18. g4 Nf6 19. Qe6+ Kh8 20. gxf5 Bc8 21.
Qxe7 Bxf5 22. Ng5 Qxe7 23. Rxe7 h6 24. Ne6 Bxe6 25. Rxe6 Rad8 26. Bd2 Nh5
27. Rf1 Ng3 28. Rf3 Bd4+ 29. Kh2 Nf5 30. Rxg6 Kh7 31. Re6 Nh4 32. Rg3 Nf5
33. Be4 Rf6 34. Rxf6 {Black resigns} 1-0

[Event "ICC Open 2015"]
[Site "Internet Chess Club"]
[Date "2015.05.29"]
[Round "11"]
[White "BornReti"]
[Black "Govindan"]
[Result "0-1"]
[ICCResult "White checkmated"]
[WhiteElo "1772"]
[BlackElo "1584"]
[Opening "English opening"]
[ECO "A05"]
[NIC "QP.11"]
[Time "16:02:40"]
[TimeControl "180+0"]

1. Nf3 Nf6 2. c4 d6 3. d4 g6 4. b3 Bg7 5. Bb2 O-O 6. e3 c5 7. Be2 Nc6 8. O-O
cxd4 9. exd4 Bg4 10. d5 Bxf3 11. Bxf3 Nb4 12. Nc3 a6 13. a3 Qa5 14. axb4
Qxb4 15. Re1 Rfe8 16. Ra4 Qb6 17. Ne2 e6 18. dxe6 Rxe6 19. Bd4 Qc7 20. Nf4
Rxe1+ 21. Qxe1 Re8 22. Qd1 b5 23. Rxa6 bxc4 24. Rc6 Qa5 25. Be3 cxb3 26.
Qxb3 Qe1# {White checkmated} 0-1

[Event "ICC Open 2015"]
[Site "Internet Chess Club"]
[Date "2015.05.29"]
[Round "11"]
[White "Irenaeus"]
[Black "podkarpacki"]
[Result "1-0"]
[ICCResult "Black resigns"]
[WhiteElo "1769"]
[BlackElo "1435"]
[Opening "French: Two knights variation"]
[ECO "C00"]
[NIC "FR.01"]
[Time "16:04:28"]
[TimeControl "180+0"]

1. e4 e6 2. Nc3 d5 3. Nf3 c6 4. d4 Bb4 5. e5 c5 6. Bb5+ Nc6 7. Bxc6+ bxc6 8.
O-O cxd4 9. Nxd4 c5 10. Nc6 Qc7 11. Nxb4 cxb4 12. Nb5 Qxe5 13. Re1 Qb8 14.
Qxd5 Ne7 15. Nd6+ Kf8 16. Qd3 a5 17. Bf4 Ba6 18. Qg3 Qb5 19. Nxb5 Bxb5 20.
Bd6 {Black resigns} 1-0

[Event "ICC Open 2015"]
[Site "Internet Chess Club"]
[Date "2015.05.29"]
[Round "11"]
[White "olimpus"]
[Black "Zigfrid"]
[Result "1-0"]
[ICCResult "Black resigns"]
[WhiteElo "2793"]
[BlackElo "3079"]
[Opening "Benko's opening"]
[ECO "A00"]
[NIC "EO.24"]
[Time "16:02:57"]
[TimeControl "180+0"]

1. g3 e5 2. c4 Nf6 3. Bg2 d5 4. cxd5 Nxd5 5. Nc3 Nb6 6. e3 Nc6 7. Nge2 Be6
8. O-O Qd7 9. f4 f6 10. fxe5 fxe5 11. d4 O-O-O 12. Ne4 exd4 13. exd4 Kb8 14.
Bg5 Re8 15. Nc5 Bxc5 16. dxc5 Nd5 17. Nd4 Nxd4 18. Qxd4 h6 19. Bd2 Rd8 20.
Rae1 Rhe8 21. Bc1 c6 22. b4 Bh3 23. Bxh3 Qxh3 24. Qxg7 h5 25. Rxe8 Rxe8 26.
Rf8 Qe6 27. Rxe8+ Qxe8 28. Bf4+ Ka8 29. Qe5 Qxe5 30. Bxe5 Nxb4 31. h4 Nd5
32. g4 hxg4 33. h5 Ne7 34. h6 Ng6 35. h7 b6 36. Kg2 Kb7 37. Kg3 Kc8 38. Kxg4
Nxe5+ 39. Kf5 Nf7 40. Kf6 Nh8 41. Kg7 {Black resigns} 1-0

[Event "ICC Open 2015"]
[Site "Internet Chess Club"]
[Date "2015.05.29"]
[Round "11"]
[White "haimw"]
[Black "BlueJ"]
[Result "0-1"]
[ICCResult "White resigns"]
[WhiteElo "1880"]
[BlackElo "2174"]
[Opening "QGD: Tartakower (Makagonov-Bondarevsky) system, 8.cd Nxd5"]
[ECO "D59"]
[NIC "QO.10"]
[Time "16:03:58"]
[TimeControl "180+0"]

1. d4 d5 2. c4 e6 3. Nc3 Nf6 4. Nf3 Be7 5. Bg5 h6 6. Bh4 O-O 7. e3 b6 8.
cxd5 Nxd5 9. Bxe7 Qxe7 10. Nxd5 exd5 11. Bd3 c5 12. O-O Nc6 13. Rc1 Be6 14.
Qa4 Rfc8 15. Ba6 Rc7 16. Qb5 c4 17. b3 Nb4 18. bxc4 Bd7 {White resigns} 0-1

[Event "ICC Open 2015"]
[Site "Internet Chess Club"]
[Date "2015.05.29"]
[Round "11"]
[White "Andrei21"]
[Black "TheGreatFair"]
[Result "1-0"]
[ICCResult "Black resigns"]
[WhiteElo "2926"]
[BlackElo "2182"]
[Opening "King's Indian: fianchetto without c4"]
[ECO "A49"]
[NIC "QP.06"]
[Time "16:03:09"]
[TimeControl "180+0"]

1. d4 Nf6 2. Nf3 g6 3. g3 Bg7 4. Bg2 O-O 5. O-O d6 6. Re1 Nbd7 7. e4 e5 8.
Nc3 Rb8 9. a4 a5 10. Nb5 Re8 11. dxe5 dxe5 12. Bd2 Ra8 13. Bc3 c6 14. Nd6
Re7 15. Nc4 Ne8 16. Qd2 b6 17. Ncxe5 Qc7 18. Nc4 Nc5 19. Bxg7 Nxg7 20. e5
Ba6 21. Qc3 Rd8 22. Nxa5 Nge6 23. Nc4 Bxc4 24. Qxc4 Red7 25. b4 Nb7 26. h4
c5 27. c3 Rd5 28. Ng5 Rxe5 29. Nxe6 Rxe1+ 30. Rxe1 fxe6 31. Qxe6+ Kh8 32.
Qf6+ {Black resigns} 1-0

[Event "ICC Open 2015"]
[Site "Internet Chess Club"]
[Date "2015.05.29"]
[Round "11"]
[White "BigSerge"]
[Black "NietzscheBac"]
[Result "1-0"]
[ICCResult "Black resigns"]
[WhiteElo "1946"]
[BlackElo "1629"]
[Opening "KGA: Allgaier, Thorold variation"]
[ECO "C39"]
[NIC "KG.01"]
[Time "16:02:43"]
[TimeControl "180+0"]

1. e4 e5 2. f4 exf4 3. Nf3 g5 4. h4 g4 5. Ng5 h6 6. Nxf7 Kxf7 7. d4 Qe7 8.
Nc3 d6 9. Bxf4 Nf6 10. Bd3 Nc6 11. O-O Nxd4 12. Bc4+ Ne6 13. e5 dxe5 14.
Bxe5 Bg7 15. Bxf6 Bxf6 16. Ne4 Kg7 17. Rxf6 h5 18. Bxe6 Bxe6 19. Qd4 Kg8 20.
Rg6+ Kf8 21. Rf1+ Ke8 22. Nf6+ Kf7 23. Nd5+ Kxg6 24. Nxe7+ Kh7 25. Qe4+
{Black resigns}
1-0

[Event "ICC Open 2015"]
[Site "Internet Chess Club"]
[Date "2015.05.29"]
[Round "11"]
[White "CavacoSilva1939"]
[Black "Shadeath"]
[Result "1-0"]
[ICCResult "Black resigns"]
[WhiteElo "2422"]
[BlackElo "2921"]
[Opening "Richter-Veresov attack"]
[ECO "D01"]
[NIC "QP.07"]
[Time "16:03:46"]
[TimeControl "180+0"]

1. d4 Nf6 2. Nc3 d5 3. Bg5 Ne4 4. Nxe4 dxe4 5. e3 c6 6. Qd2 Bf5 7. O-O-O h6
8. Bh4 Nd7 9. Ne2 g5 10. Bg3 e6 11. Nc3 Nf6 12. h4 g4 13. Bc4 Bd6 14. Ne2 h5
15. Kb1 Qc7 16. Bxd6 Qxd6 17. Qa5 Nd5 18. Bxd5 cxd5 19. Rc1 b6 20. Qa6 O-O
21. Nf4 Bg6 22. c4 Rfc8 23. cxd5 exd5 24. Rxc8+ Rxc8 25. Qxc8+ Kg7 26. Rc1
{Black resigns}
1-0

[Event "ICC Open 2015"]
[Site "Internet Chess Club"]
[Date "2015.05.29"]
[Round "11"]
[White "jonpetur"]
[Black "talaatabdin"]
[Result "1-0"]
[ICCResult "Black checkmated"]
[WhiteElo "1519"]
[BlackElo "1354"]
[Opening "Nimzovich-Larsen attack: modern variation"]
[ECO "A01"]
[NIC "VO.08"]
[Time "16:03:02"]
[TimeControl "180+0"]

1. b3 e5 2. Bb2 Nc6 3. d3 Bc5 4. e4 Nf6 5. Nc3 d5 6. Qe2 O-O 7. exd5 Nxd5 8.
Ne4 Bb6 9. O-O-O Ndb4 10. Kb1 Nd4 11. Bxd4 exd4 12. Nf3 Bg4 13. h3 Bf5 14.
g4 Be6 15. g5 f5 16. gxf6 gxf6 17. Ned2 Nd5 18. Qxe6+ Kh8 19. Rg1 Nc3+ 20.
Kc1 Nxd1 21. Kxd1 Re8 22. Qf5 Qe7 23. Bg2 Qe2+ 24. Kc1 a5 25. Qxf6+ Kg8 26.
Bf1# {Black checkmated} 1-0

[Event "ICC Open 2015"]
[Site "Internet Chess Club"]
[Date "2015.05.29"]
[Round "11"]
[White "gonesailing"]
[Black "kl5555"]
[Result "1-0"]
[ICCResult "Black resigns"]
[WhiteElo "1546"]
[BlackElo "1752"]
[Opening "Scandinavian, Mieses-Kotrc gambit"]
[ECO "B01"]
[NIC "SD.01"]
[Time "16:04:00"]
[TimeControl "180+0"]

1. e4 d5 2. exd5 Qxd5 3. Nc3 Qa5 4. b4 Qxb4 5. a4 Qa5 6. Nf3 e6 7. Bd3 Nf6
8. O-O Bd7 9. Re1 Bd6 10. Nb5 O-O 11. Nxd6 cxd6 12. Bb2 Qc7 13. Ng5 h6 14.
Bxf6 gxf6 15. Nh7 Rd8 16. Nxf6+ Kf8 17. Qh5 Ke7 18. Nd5+ {Black resigns} 1-0

[Event "ICC Open 2015"]
[Site "Internet Chess Club"]
[Date "2015.05.29"]
[Round "11"]
[White "HematiteBrown"]
[Black "AAntonioEu"]
[Result "1-0"]
[ICCResult "Black resigns"]
[WhiteElo "2116"]
[BlackElo "1927"]
[Opening "Sicilian: Kan, 5.Bd3"]
[ECO "B42"]
[NIC "SI.42"]
[Time "16:03:03"]
[TimeControl "180+0"]

1. e4 c5 2. Nf3 e6 3. d4 cxd4 4. Nxd4 a6 5. Bd3 Qc7 6. Qe2 Bc5 7. Nb3 Be7 8.
Nc3 d6 9. O-O Nf6 10. f4 Nbd7 11. Bd2 b5 12. Rae1 Bb7 13. e5 Nd5 14. exd6
Bxd6 15. Ne4 Be7 16. f5 e5 17. Qg4 N7f6 18. Qxg7 Rg8 19. Qh6 Qb6+ 20. Kh1
O-O-O 21. Ba5 Qc6 22. Bxd8 Rxd8 23. Na5 Qc7 24. Nxb7 Qxb7 25. Nxf6 Nxf6 26.
Rxe5 Rg8 27. Qh3 Bd6 28. Ree1 Nd5 29. f6+ Kb8 30. Be4 Nf4 31. Rxf4
{Black resigns}
1-0

[Event "ICC Open 2015"]
[Site "Internet Chess Club"]
[Date "2015.05.29"]
[Round "11"]
[White "holderlin"]
[Black "ErnestoRondon"]
[Result "0-1"]
[ICCResult "White forfeits on time"]
[WhiteElo "1615"]
[BlackElo "1850"]
[Opening "Sicilian: O'Kelly variation"]
[ECO "B28"]
[NIC "SI.43"]
[Time "16:03:16"]
[TimeControl "180+0"]

1. e4 c5 2. Nf3 a6 3. d4 cxd4 4. c4 Nc6 5. Nxd4 e5 6. Nf5 d6 7. Ng3 Nf6 8.
Be2 Be7 9. O-O O-O 10. Nc3 Be6 11. b3 Rc8 12. Be3 Qd7 13. f4 exf4 14. Rxf4
Ne5 15. Nf5 Bxf5 16. exf5 b5 17. g4 bxc4 18. bxc4 h6 19. h4 Nh7 20. Nd5 Bxh4
21. Nb6 Qc6 22. Nxc8 Rxc8 23. Qd5 Qxd5 24. cxd5 Bg5 25. Re4 Nf6 26. Bxa6
Nxe4 27. Bxc8 Bxe3+ 28. Kh1 Bc5 29. a4 Nxg4 30. a5 Ngf6 31. a6 Nxd5 32. a7
Nc7 33. a8=Q Nxa8 34. Rxa8 Kh7 35. f6 Nxf6 36. Bf5+ g6 37. Bc2 Kg7 38. Rc8
Bd4 39. Rc7 Be5 40. Bb3 d5 41. Rc8 g5 42. Rd8 Kg6 43. Ra8 h5 44. Ra7 g4 45.
Kg2 h4 {White forfeits on time} 0-1

[Event "ICC Open 2015"]
[Site "Internet Chess Club"]
[Date "2015.05.29"]
[Round "11"]
[White "hawk12"]
[Black "Stone-Castle"]
[Result "1/2-1/2"]
[ICCResult "Game drawn because neither player has mating material"]
[WhiteElo "1721"]
[BlackElo "1847"]
[Opening "Pirc: Ufimtsev-Pytel variation"]
[ECO "B07"]
[NIC "PU.08"]
[Time "16:02:55"]
[TimeControl "180+0"]

1. e4 d6 2. d4 Nf6 3. Nc3 c6 4. Be3 e5 5. dxe5 dxe5 6. Qxd8+ Kxd8 7. O-O-O+
Kc7 8. f4 Bd6 9. f5 Nbd7 10. Be2 Bc5 11. Bxc5 Nxc5 12. Bf3 a5 13. g4 h6 14.
h4 b5 15. Re1 b4 16. Nd1 Ba6 17. Ne2 Bc4 18. b3 Bb5 19. c4 Ba6 20. Ng3 a4
21. Kb2 axb3 22. axb3 Rhd8 23. g5 Rd2+ 24. Kb1 Nxb3 25. Re2 Rxe2 26. Bxe2
Nd7 27. Kb2 Nd4 28. Bd3 Nb6 29. Ne3 Na4+ 30. Kc1 Nc3 31. Kd2 Bb7 32. gxh6
gxh6 33. Ng4 Ra2+ 34. Ke3 b3 35. Nxe5 Nc2+ 36. Bxc2 bxc2 37. Rc1 Kd6 38.
Nxf7+ Kc5 39. Kd2 Nb1+ 40. Ke2 Ba6 41. Kd3 Bxc4+ 42. Ke3 Bxf7 43. e5 Ra3+
44. Kf4 Rc3 45. e6 Bxe6 46. Ne4+ Kd5 47. Nxc3+ Nxc3 48. fxe6 Ne2+ 49. Kf5
Nxc1 50. e7 Nd3 51. e8=Q c1=Q 52. Qd8+ Kc4 53. Qg8+ Kc3 54. Qg7+ Kd2 55.
Qxh6+ Kc2 56. Qxc1+ Kxc1 57. h5 c5 58. h6 c4 59. h7 c3 60. h8=Q c2 61. Qc8
Kd1 62. Qxc2+ Kxc2 {Game drawn because neither player has mating material}
1/2-1/2

[Event "ICC Open 2015"]
[Site "Internet Chess Club"]
[Date "2015.05.29"]
[Round "11"]
[White "ALexiz"]
[Black "yellow"]
[Result "1-0"]
[ICCResult "Black checkmated"]
[WhiteElo "1778"]
[BlackElo "1518"]
[Opening "Neo-Grünfeld, 6.O-O, main line"]
[ECO "D79"]
[NIC "SL.01"]
[Time "16:03:10"]
[TimeControl "180+0"]

1. d4 d5 2. c4 c6 3. Nf3 Nf6 4. g3 g6 5. Bg2 Bg7 6. O-O O-O 7. cxd5 cxd5 8.
Nc3 Nc6 9. Ne5 e6 10. f4 Nd7 11. e3 f6 12. Nxc6 bxc6 13. Qa4 Qb6 14. Bh3 f5
15. b3 Nf6 16. Ba3 Re8 17. Bc5 Qb7 18. Rfc1 Ne4 19. Nxe4 fxe4 20. Bd6 Qb5
21. Qa3 Qd3 22. Re1 Ba6 23. Bf1 Qc3 24. Bxa6 Bxd4 25. exd4 Qxd4+ 26. Kg2 e3
27. Be5 Qe4+ 28. Kh3 Qf5+ 29. g4 Qe4 30. Qa4 Qf3+ 31. Kh4 Qf2+ 32. Kg5 Rf8
33. Re2 h6+ 34. Kxg6 Qh4 35. Rg1 Rad8 36. Qxc6 d4 37. Qxe6+ Rf7 38. Qxf7#
{Black checkmated}
1-0

[Event "ICC Open 2015"]
[Site "Internet Chess Club"]
[Date "2015.05.29"]
[Round "11"]
[White "TheThirdOne"]
[Black "krankenstein"]
[Result "1-0"]
[ICCResult "Black resigns"]
[WhiteElo "1299"]
[BlackElo "1063"]
[Opening "Queen's pawn game"]
[ECO "D02"]
[NIC "QP.08"]
[Time "16:03:11"]
[TimeControl "180+0"]

1. d4 d5 2. Nf3 h6 3. c4 Nf6 4. Nc3 b6 5. Bf4 Nc6 6. e3 Bf5 7. Bd3 e6 8. O-O
Ne4 9. h3 Be7 10. Nd2 Nxc3 11. bxc3 Bxd3 12. Qa4 Qd7 13. cxd5 exd5 14. Rfc1
O-O 15. c4 dxc4 16. Nxc4 Bxc4 17. Rxc4 b5 18. Qxb5 Rab8 19. Qxc6 Qxc6 20.
Rxc6 Rb2 21. Rxc7 Rfb8 22. Rxe7 Rb1+ 23. Rxb1 Rxb1+ 24. Kh2 Kf8 25. Rxa7 Rb2
26. d5 Rxf2 27. d6 g5 28. Bg3 Rd2 29. d7 Ke7 30. a4 Rxd7 31. Rxd7+ Kxd7 32.
a5 Kc8 33. Bd6 f5 34. g3 Kb7 35. g4 Ka6 36. Bc7 fxg4 37. hxg4 Kb7 38. Bb6
Ka6 39. e4 Kb7 40. e5 Kc8 41. e6 {Black resigns} 1-0

[Event "ICC Open 2015"]
[Site "Internet Chess Club"]
[Date "2015.05.29"]
[Round "11"]
[White "Danya"]
[Black "HuevosDeLeon"]
[Result "1-0"]
[ICCResult "Black checkmated"]
[WhiteElo "3069"]
[BlackElo "2704"]
[Opening "Pirc: Austrian attack, 6.Bd3"]
[ECO "B09"]
[NIC "PU.02"]
[Time "16:04:17"]
[TimeControl "180+0"]

1. d4 d6 2. e4 Nf6 3. Nc3 g6 4. f4 Bg7 5. Bd3 O-O 6. Nf3 Nc6 7. e5 dxe5 8.
fxe5 Nh5 9. Ne2 Bg4 10. c3 Bxf3 11. gxf3 e6 12. O-O Ne7 13. Be4 c6 14. Ng3
Nxg3 15. hxg3 Nd5 16. f4 f5 17. Bf3 h6 18. c4 Nb6 19. Be3 Nxc4 20. Bf2 Nb6
21. Kg2 Nd5 22. Rh1 Kf7 23. Rh4 Rh8 24. Qh1 Qb6 25. b3 a5 26. Bd1 g5 27.
fxg5 hxg5 28. Rh7 a4 29. Qh6 Rag8 30. Rxg7+ Rxg7 31. Bh5+ Kg8 32. Qxe6+ Kh7
33. Bg6+ Rxg6 34. Qf7+ Kh6 35. Rh1# {Black checkmated} 1-0

[Event "ICC Open 2015"]
[Site "Internet Chess Club"]
[Date "2015.05.29"]
[Round "11"]
[White "AMKE"]
[Black "born2die"]
[Result "0-1"]
[ICCResult "White checkmated"]
[WhiteElo "1622"]
[BlackElo "1686"]
[Opening "Alekhine's defense: exchange variation"]
[ECO "B03"]
[NIC "AL.08"]
[Time "16:02:38"]
[TimeControl "180+0"]

1. e4 Nf6 2. e5 Nd5 3. d4 d6 4. c4 Nb6 5. exd6 exd6 6. Nc3 Nc6 7. Be3 Be7 8.
d5 Ne5 9. b3 Bf6 10. Rc1 O-O 11. Nf3 Ng4 12. Bd3 Nxe3 13. fxe3 Bh4+ 14. g3
Bf6 15. O-O Bg4 16. Qd2 Bh3 17. Rf2 Nd7 18. e4 Re8 19. Ng5 Bxg5 20. Qe1 Bxc1
21. Qxc1 Ne5 22. Bb1 Qd7 23. Qf4 f6 24. Ne2 Qg4 25. Qe3 Ng6 26. Kh1 Re7 27.
Ng1 Rae8 28. Nxh3 Qxh3 29. Kg1 f5 30. Qg5 fxe4 31. Rf5 e3 32. Rf1 e2 33. Re1
Re5 34. Qd2 Re3 35. Bxg6 hxg6 36. Qd4 Qf5 37. Kg2 R8e4 38. Qb2 Qf3+ 39. Kg1
Rd3 40. Qxg7+ Kxg7 41. c5 Rd1 42. h4 Rxe1+ 43. Kh2 Rh1# {White checkmated}
0-1

[Event "ICC Open 2015"]
[Site "Internet Chess Club"]
[Date "2015.05.29"]
[Round "11"]
[White "Ramanip15"]
[Black "DarkThrone"]
[Result "0-1"]
[ICCResult "White forfeits on time"]
[WhiteElo "1909"]
[BlackElo "2387"]
[Opening "Ruy Lopez: Anderssen variation"]
[ECO "C77"]
[NIC "RL.12"]
[Time "16:04:23"]
[TimeControl "180+0"]

1. e4 e5 2. Nf3 Nc6 3. Bb5 a6 4. Ba4 Nf6 5. d3 b5 6. Bb3 Be7 7. c3 O-O 8.
Nbd2 Bb7 9. h3 d5 10. Qe2 Re8 11. Nf1 h6 12. Ng3 Bf8 13. Nf5 Na5 14. Bc2 c5
15. O-O c4 16. exd5 Qxd5 17. Re1 cxd3 18. Bxd3 e4 {White forfeits on time}
0-1

[Event "ICC Open 2015"]
[Site "Internet Chess Club"]
[Date "2015.05.29"]
[Round "11"]
[White "magnuswizard"]
[Black "Mercury"]
[Result "0-1"]
[ICCResult "White forfeits on time"]
[WhiteElo "2077"]
[BlackElo "2460"]
[Opening "English: symmetrical variation"]
[ECO "A37"]
[NIC "EO.28"]
[Time "16:02:33"]
[TimeControl "180+0"]

1. Nf3 c5 2. c4 g6 3. Nc3 Bg7 4. g3 Nc6 5. Bg2 e6 6. O-O Nge7 7. e3 O-O 8.
d4 cxd4 9. exd4 d5 10. cxd5 Nxd5 11. Re1 Nde7 12. Be3 b6 13. Ne5 Bb7 14. f4
Rc8 15. Rc1 Nf5 16. Nxc6 Bxc6 17. Bxc6 Nxe3 18. Rxe3 Bxd4 19. Bf3 Bxe3+ 20.
Kg2 Bxc1 21. Qxc1 Qd3 22. Qe1 Rfd8 23. Ne4 Rc2+ 24. Nf2 Qd2 25. Qf1 Rxb2 26.
Kg1 h5 27. h4 Rxa2 28. Qg2 Qe1+ 29. Qf1 Ra1 30. Qxe1 Rxe1+ 31. Kg2 Rd2 32.
g4 hxg4 33. Bxg4 Ree2 34. Bxe2 Rxe2 35. Kf3 Rxf2+ 36. Kxf2 Kg7 37. Ke3 Kh6
38. Ke4 f6 39. Kd4 Kh5 40. Ke4 Kxh4 41. f5 gxf5+ 42. Kd4 a5 43. Kc4 f4 44.
Kb5 f3 45. Kxb6 f2 46. Kxa5 f1=Q 47. Kb6 Qc1 48. Kb5 f5 49. Kb4 f4 50. Kb3
f3 51. Kb4 f2 52. Kb5 f1=Q+ 53. Kb6 Qe2 54. Kb7 Qeb2+ {White forfeits on
time} 0-1

[Event "ICC Open 2015"]
[Site "Internet Chess Club"]
[Date "2015.05.29"]
[Round "11"]
[White "JUGGERNOT"]
[Black "Chisel"]
[Result "1-0"]
[ICCResult "Black checkmated"]
[WhiteElo "1866"]
[BlackElo "1735"]
[Opening "Bird: From gambit"]
[ECO "A02"]
[NIC "VO.07"]
[Time "16:03:55"]
[TimeControl "180+0"]

1. f4 e5 2. fxe5 d6 3. Nf3 Nc6 4. e4 g5 5. g3 g4 6. Nh4 dxe5 7. Be2 h5 8. d3
Be7 9. Ng2 Bc5 10. Be3 Nd4 11. O-O Nf6 12. c3 Nxe2+ 13. Qxe2 Bxe3+ 14. Qxe3
Be6 15. Qf2 Rh6 16. Nh4 Ke7 17. Nf5+ Bxf5 18. Qxf5 Qxd3 19. Qxe5+ Kf8 20.
Rxf6 Rxf6 21. Qxf6 Rd8 22. Na3 Qe3+ 23. Qf2 Qxe4 24. Rf1 Rd7 25. Nc2 Qe6 26.
b3 Rd3 27. Nd4 Qg6 28. Qf5 Qxf5 29. Rxf5 Rxc3 30. Rxh5 c5 31. Nf5 Rc1+ 32.
Kf2 Rc2+ 33. Ke3 Rxa2 34. Rh8# {Black checkmated} 1-0

[Event "ICC Open 2015"]
[Site "Internet Chess Club"]
[Date "2015.05.29"]
[Round "11"]
[White "NAS"]
[Black "waynerooney"]
[Result "0-1"]
[ICCResult "White resigns"]
[WhiteElo "1685"]
[BlackElo "1925"]
[Opening "French: Rubinstein variation"]
[ECO "C10"]
[NIC "FR.07"]
[Time "16:03:00"]
[TimeControl "180+0"]

1. e4 e6 2. d4 d5 3. Nc3 dxe4 4. Nxe4 Be7 5. Be3 Nf6 6. Nxf6+ Bxf6 7. Qd2
O-O 8. O-O-O b6 9. Nf3 Bb7 10. Bd3 Nd7 11. h4 c5 12. Qe2 Rc8 13. g4 Qc7 14.
Rhg1 Rfd8 15. g5 Bxf3 16. Qxf3 Bxd4 17. h5 Ne5 18. Qe4 Nxd3+ 19. Rxd3 Bxe3+
20. Rxe3 Rd4 21. Qf3 Qf4 22. Qe2 Rcd8 23. Kb1 Qd6 24. Kc1 Rd2 25. Qf3 Qh2
26. Rge1 Qxf2 27. Qb7 Rxc2+ {White resigns} 0-1

[Event "ICC Open 2015"]
[Site "Internet Chess Club"]
[Date "2015.05.29"]
[Round "11"]
[White "sefi"]
[Black "Kyekerz"]
[Result "1-0"]
[ICCResult "Black resigns"]
[WhiteElo "1186"]
[BlackElo "1230"]
[Opening "Fred"]
[ECO "B00"]
[NIC "VO.17"]
[Time "16:03:54"]
[TimeControl "180+0"]

1. e4 f5 2. exf5 d5 3. Bd3 c5 4. Qh5+ Kd7 5. Nf3 Nf6 6. Ne5+ Kc7 7. Qe2 Qe8
8. Nc3 c4 9. Bxc4 dxc4 10. Qxc4+ Nc6 11. Nf7 Rg8 12. d4 Kb8 13. Bf4+ e5 14.
fxe6+ {Black resigns} 1-0

[Event "ICC Open 2015"]
[Site "Internet Chess Club"]
[Date "2015.05.29"]
[Round "11"]
[White "Chaos23"]
[Black "Baltimora"]
[Result "0-1"]
[ICCResult "White checkmated"]
[WhiteElo "2064"]
[BlackElo "2342"]
[Opening "French: Wing gambit"]
[ECO "C00"]
[NIC "FR.01"]
[Time "16:03:30"]
[TimeControl "180+0"]

1. e4 e6 2. Nf3 d5 3. e5 c5 4. b4 b6 5. bxc5 bxc5 6. d4 Ne7 7. Bd3 Qd7 8.
O-O Ba6 9. dxc5 Ng6 10. Ba3 Qa4 11. Re1 Be7 12. Qc1 Nc6 13. Nc3 Qa5 14. Bb2
Rb8 15. Rb1 Bxc5 16. Bxa6 Qxa6 17. Nd1 O-O 18. Ne3 Bxe3 19. Rxe3 Rfc8 20. h4
Nf4 21. Kh2 Qxa2 22. Ra3 Qc4 23. g3 Ne2 24. Qd2 Ned4 25. Ng5 Qe2 26. Qf4 Rf8
27. Bxd4 Rxb1 28. Rf3 Nxd4 29. Qxd4 h6 30. Nxe6 fxe6 31. Rxf8+ Kxf8 32. Qc5+
Kg8 33. Qc8+ Kh7 34. Qxe6 Qxf2+ 35. Kh3 Rh1+ 36. Kg4 Qe2+ 37. Kf5 Qe4#
{White checkmated}
0-1

[Event "ICC Open 2015"]
[Site "Internet Chess Club"]
[Date "2015.05.29"]
[Round "11"]
[White "Estocolmov"]
[Black "motipen"]
[Result "1/2-1/2"]
[ICCResult "Game drawn by repetition"]
[WhiteElo "2194"]
[BlackElo "1931"]
[Opening "Queen's gambit accepted"]
[ECO "D20"]
[NIC "QG.03"]
[Time "16:03:20"]
[TimeControl "180+0"]

1. d4 d5 2. c4 dxc4 3. Nc3 e5 4. d5 Nf6 5. e4 c6 6. Bxc4 Bb4 7. Bg5 Qa5 8.
Bd2 Qc5 9. Qe2 O-O 10. Nf3 cxd5 11. Nxd5 Bxd2+ 12. Nxd2 Nxd5 13. Bxd5 Nc6
14. O-O Nd4 15. Qd3 Be6 16. Rac1 Qb6 17. Bxe6 Qxe6 18. Nf3 Nxf3+ 19. Qxf3
Qxa2 20. Rc7 Qxb2 21. h4 h6 22. Rfc1 a5 23. Qd3 a4 24. Rb1 a3 25. Rxb2 axb2
26. Rxb7 Rfb8 27. Rxb2 Rxb2 28. Qd5 Raa2 29. Qc5 f6 30. Qc8+ Kh7 31. Qf5+
Kh8 32. h5 Kg8 33. Qg6 Rxf2 34. Qe8+ Kh7 35. Qg6+ Kg8 36. Qe8+ Kh7 37. Qg6+
Kg8 38. Qe8+ {Game drawn by repetition} 1/2-1/2